 Dungeon Crawl Stone Soup version 0.24.0-13-gcf9b319 (webtiles) character file.

Game seed: 9165587744383922618, levelgen mode: deterministic

123 Bronimir the Firebug (level 4, -2/30 HPs)
             Began as a Demonspawn Fire Elementalist on Apr 19, 2020.
             Killed from afar by Ijyb (12 damage)
             ... with an iceblast
             ... on level 3 of the Dungeon.
             The game lasted 00:06:24 (3001 turns).

Bronimir the Firebug (Demonspawn Fire Elementalist) Turns: 3001, Time: 00:06:24

Health: -2/30      AC:  3    Str: 10    XL:     4   Next: 79%
Magic:  8/8        EV: 12    Int: 16    God:
Gold:   87         SH:  0    Dex: 13    Spells: 2/8 levels left

rFire    . . .     SeeInvis .   a - +0 spear (venom)
rCold    . . .     Gourm    .   (no shield)
rNeg     . . .     Faith    .   g - +0 robe
rPois    .         Spirit   .   e - +0 helmet
rElec    .         Reflect  .   (no cloak)
rCorr    .         Harm     .   (no gloves)
MR       .....                  (no boots)
Stlth    ++........             (no amulet)
HPRegen  0.10/turn              (no ring)
MPRegen  0.11/turn              (no ring)

@: no status effects
A: claws 1, powered by death 1
a: no special abilities


You were on level 3 of the Dungeon.
You were not hungry.

You visited 1 branch of the dungeon, and saw 3 of its levels.

You collected 87 gold pieces.

Inventory:

Hand Weapons
 a - a +0 spear of venom (weapon)
 b - a +0 hunting sling
 d - a +0 dagger
Missiles
 f - 69 stones (quivered)
Armour
 e - a +0 helmet (worn)
 g - a +0 robe (worn)
 t - a -1 scale mail
Jewellery
 l - a cursed amulet of faith {unknown}
Wands
 q - a wand of enslavement (7)
Scrolls
 j - 3 scrolls of remove curse
 o - a scroll of fog {unknown}
 u - a scroll of blinking {unknown}
 v - a scroll of enchant armour {unknown}
Potions
 h - 2 potions of might {unknown}
 k - a potion of brilliance {unknown}
 n - a potion of heal wounds {unknown}
 p - 2 potions of degeneration {unknown}
 r - a potion of berserk rage {unknown}
 s - a potion of curing {unknown}
Comestibles
 c - 8 rations


   Skills:
 + Level 0.3 Fighting
 * Level 1.5 Polearms
 * Level 1.1 Armour
 + Level 2.1 Dodging
 - Level 1.7 Stealth
 * Level 2.6 Spellcasting
 * Level 1.5 Conjurations
 * Level 3.5 Fire Magic


You had 2 spell levels left.
You knew the following spells:

 Your Spells              Type           Power        Failure   Level  Hunger
a - Flame Tongue          Conj/Fire      ##...        7%          1    #......
b - Throw Flame           Conj/Fire      ##....       11%         2    ##.....
c - Conjure Flame         Conj/Fire      ##......     21%         3    ###....

Your spell library contained the following spells:

 Spells                   Type           Power        Failure   Level  Hunger
 Inner Flame              Hex/Fire       #.......     28%         3    ###....
 Sticky Flame             Conj/Fire      ##......     56%         4    #####..
 Fireball                 Conj/Fire      ##........   88%         5    ######.


Dungeon Overview and Level Annotations

Branches:
Dungeon (3/15)

Altars:
Dithmenos
Gozag
Ru

Annotations:
D:3 Ijyb


Innate Abilities, Weirdness & Mutations

You have sharp fingernails.
You regenerate a little health from kills.


Message History

* * * LOW HITPOINT WARNING * * *
Found 26 sling bullets and 16 stones.
Ijyb zaps a wand.
The mass of ice explodes!
The iceblast engulfs you.
* * * LOW HITPOINT WARNING * * *
There is a stone staircase leading up here.
You climb upwards.
There is a stone staircase leading down here.
You start resting.
Eating a chunk of flesh.
You eat the chunk of flesh.
This raw flesh tastes terrible.
HP restored.
You start waiting.
Done waiting.
You climb downwards.
Level annotation: Ijyb Ijyb zaps a wand.
The mass of ice explodes!
The iceblast engulfs you!!
Ouch! That really hurt!
There is a stone staircase leading up here.
Ijyb zaps a wand.
The mass of ice explodes!
The iceblast engulfs you!
You die...

#.##..[g.##.#.#####.#......#
#.####.####.#.##......#..###
#.. ........#....##.####..##
#####g .........###.# ##..#
( ##.#####.# #.# ##.# #.
#g###.# #.# #.
#.g.#.######.#
##...........# #@.........##
#..........# #..........#
############


You could see Ijyb and a goblin.

Vanquished Creatures
  4 gnolls
  2 adders (D:2)
  An ooze (D:3)
  A worm (D:3)
  2 dart slugs (D:1)
  3 leopard geckos (D:1)
  10 bats
  4 giant cockroaches
  7 goblins
  3 hobgoblins
  7 kobolds
  3 frilled lizards
  5 rats
52 creatures vanquished.

Vanquished Creatures (others)
  A bat (D:3)
  A kobold (D:3)
  9 toadstools (D:3)
11 creatures vanquished.

Grand Total: 63 creatures vanquished

Notes
Turn   | Place    | Note
-------+----------+-------------------------------------------
     0 | D:1      | Bronimir the Demonspawn Fire Elementalist began the quest
                  | for the Orb.
     0 | D:1      | Reached XP level 1. HP: 13/13 MP: 3/3
   231 | D:1      | Reached skill level 3 in Fire Magic
   249 | D:1      | Gained mutation: You regenerate a little health from kills.
                  | [demonic ancestry]
   249 | D:1      | Reached XP level 2. HP: 17/19 MP: 1/5
   604 | D:1      | Reached XP level 3. HP: 24/24 MP: 6/6
   679 | D:1      | Learned a level 2 spell: Throw Flame
   683 | D:1      | Learned a level 3 spell: Conjure Flame
   781 | D:2      | HP: 1/24 [gnoll/+0 flail (14)]
  1109 | D:1      | Reached skill level 1 in Polearms
  1109 | D:1      | Reached skill level 1 in Armour
  1109 | D:1      | Gained mutation: You have sharp fingernails. [demonic
                  | ancestry]
  1109 | D:1      | Reached XP level 4. HP: 7/30 MP: 1/7
  1662 | D:2      | Found a shadowy altar of Dithmenos.
  2288 | D:3      | Found an opulent altar of Gozag.
  2308 | D:3      | Found a sacrificial altar of Ru.
  2316 | D:3      | Noticed Ijyb
  3001 | D:3      | Killed from afar by Ijyb

Levels and vault maps discovered:
D:1:      dpeg_arrival_arbitrary_c, layout_rooms, minmay_cupped
D:2:      layout_loops_ring, grunt_dithmenos_smoke, first_ration
D:3:      cheibrodos_fertilizer, layout_rooms, old_standard_altar,
          chequers_garden, nicolae_gozag_cash_rules_everything_around_me,
          uniq_ijyb

Skill      XL: |  1  2  3  4 |
---------------+-------------+-----
Fire Magic     | 3 |  3.5
Polearms       | 1 |  1.5
Armour         | 1 |  1.1
Dodging        | 2 |  2.1
Fighting       | |  0.3
Stealth        | |  1.7
Spellcasting   | |  2.6
Conjurations   | |  1.5

Action                   |  1- 3 |  4- 6 || total
-------------------------+-------+-------++-------
Melee: Spear             |    55 |    44 ||    99
       Dagger            |     3 |       ||     3
 Cast: Flame Tongue      |    28 |    15 ||    43
  Use: Scroll            |       |     3 ||     3
 Stab: Sleeping          |     4 |     1 ||     5
  Eat: Chunk             |       |     7 ||     7
Armor: Robe              |    30 |    13 ||    43
       Scale mail        |       |     2 ||     2
Dodge: Dodged            |    57 |    34 ||    91
